 Dungeon Crawl Stone Soup version 0.25-a0-190-g27fffb8c76 (console) character file.

Game seed: 13546438301279503563, levelgen mode: deterministic

1878 Kagalorn the Chiller (level 8, -9/66 HPs)
             Began as a Yellow Draconian Ice Elementalist on Nov 30, 2019.
             Was a Follower of Ashenzari.
             Killed from afar by Dowan (13 damage)
             ... with a shard of ice
             ... on level 7 of the Dungeon.
             The game lasted 00:16:53 (5606 turns).

Kagalorn the Chiller (DrIE)                         Turns: 5606, Time: 00:16:54

Health: -9/66      AC:  6    Str: 11    XL:     8   Next: 91%
Magic:  9/18       EV: 12    Int: 18    God:    Ashenzari [*.....]
Gold:   300        SH:  0    Dex: 13    Spells: 13/21 levels left

rFire    . . .     SeeInvis .   a - +0 dagger
rCold    . . .     Gourm    .   (no shield)
rNeg     . . .     Faith    .   (armour unavailable)
rPois    .         Spirit   .   (helmet restricted)
rElec    .         Reflect  .   (no cloak)
rCorr    +         Harm     .   (no gloves)
MR       .....                  (no boots)
Stlth    +.........             (no amulet)
HPRegen  0.21/turn              D - +2 ring of dexterity
MPRegen  0.16/turn              (no ring)

@: glowing
A: spit acid, unfitting armour, cold-blooded, acid resistance, AC +6
a: Breathe Acid, Curse Item, Scrying, Renounce Religion


You were on level 7 of the Dungeon.
You worshipped Ashenzari.
Ashenzari was aware of your devotion.
You were hungry.

You visited 2 branches of the dungeon, and saw 8 of its levels.

You collected 300 gold pieces.

Inventory:

Hand Weapons
 a - a +0 dagger (weapon)
 o - a +0 hunting sling
Missiles
 c - 254 stones (quivered)
 i - 31 sling bullets
 v - 2 javelins
 C - 77 bolts
 J - 4 poisoned darts
Jewellery
 D - a +2 ring of dexterity (left hand)
 H - an uncursed amulet of faith
 I - an uncursed ring of see invisible
Wands
 r - a wand of digging (7)
 u - a wand of flame (16)
 y - a wand of scattershot (5)
Scrolls
 d - 4 scrolls of remove curse
 f - 6 scrolls of teleportation {unknown}
 g - 3 scrolls of fog {unknown}
 h - a scroll of fear {unknown}
 j - 6 scrolls of identify {unknown}
 l - 3 scrolls of amnesia
 m - a scroll of magic mapping {unknown}
 p - 4 scrolls of enchant armour {unknown}
 q - 2 scrolls of noise {unknown}
 x - a scroll of immolation {unknown}
 E - a scroll of enchant weapon {unknown}
Potions
 e - 2 potions of magic {unknown}
 k - 7 potions of curing {unknown}
 n - 2 potions of degeneration {unknown}
 s - a potion of agility {unknown}
 t - 2 potions of heal wounds {unknown}
 w - 2 potions of haste {unknown}
 z - 2 potions of flight {unknown}
 A - a potion of lignification {unknown}
 B - 3 potions of might {unknown}
 F - a potion of brilliance {unknown}
 G - a potion of cancellation {unknown}
Comestibles
 b - 17 rations


   Skills:
 * Level 3.7 Fighting
 - Level 1.7 Dodging
 - Level 1.7 Stealth
 * Level 7.1 Spellcasting
   Level 1.0 Conjurations
 - Level 1.0 Charms
 * Level 3.1 Summonings
 * Level 7.7 Ice Magic


You had 13 spell levels left.
You knew the following spells:

 Your Spells              Type           Power        Failure   Level  Hunger
a - Freeze                Ice            ####         1%          1    None
b - Ozocubu's Armour      Chrm/Ice       ###.....     5%          3    ##.....
c - Summon Ice Beast      Ice/Summ       ####....     11%         4    ####...

Your spell library contained the following spells:

 Spells                   Type           Power        Failure   Level  Hunger
 Throw Frost              Conj/Ice       ###...       2%          2    None
 Ensorcelled Hibernation  Hex/Ice        ###...       3%          2    None
 Throw Icicle             Conj/Ice       ###.....     19%         4    ####...
 Borgnjor's Vile Clutch   Necr/Erth      #.........   96%         5    #####..
 Silence                  Hex/Air        #.........   96%         5    #####..
 Shadow Creatures         Summ           N/A          99%         6    #######
 Darkness                 Hex            #.........   100%        6    #######


Dungeon Overview and Level Annotations

Branches:
Dungeon (7/15)             Temple (1/1) D:5

Altars:
Ashenzari
Cheibriados
Dithmenos
Elyvilon
Gozag
Hepliaklqana
Kikubaaqudgha
Makhleb
Okawaru
Qazlal
Ru
Sif Muna
Trog
Uskayaw
Vehumet
Wu Jian
Xom
Yredelemnul

Annotations:
D:7 Dowan


Innate Abilities, Weirdness & Mutations

You can spit globs of acid.
Your golden yellow scales are hard. (AC +6)
You cannot fit into any form of body armour.
You are cold-blooded and may be slowed by cold attacks.
You are resistant to acid. (rCorr)


Message History

Aiming: Freeze (safe; 1% risk of failure)
Press: ? - help, Shift-Dir - straight line, f/p - Duvessa
Aim: Duvessa, wielding a +2 short sword of speed and wearing a +0 ring mail (almost dead, fast)
You freeze Duvessa.
You kill Duvessa!
Dowan screams, "No!
Oh no!"
Dowan seems to find hidden reserves of power!
The centaur zombie hits you. Dowan misses you. The centaur zombie hits you.
Dowan zaps a wand.
The puff of flame hits you!
* * * LOW HITPOINT WARNING * * *
Dowan zaps a wand.
The puff of flame hits you.
* * * LOW HITPOINT WARNING * * *
Dowan casts a spell.
Dowan blinks!
There is a stone staircase leading up here.
The centaur zombie hits you!
* * * LOW HITPOINT WARNING * * *
Dowan gestures at you while chanting. The shard of ice hits you!
You die...

####### #.##
#..# ##.#
.######### #.#
....(..).# #.#
#....ยง.# #.#
##.####.#####.#
.......Ze.....#
##.####@#######
#.# ..# ####


You could see Dowan and a centaur zombie.

Vanquished Creatures
  Pikel (D:7)
  Sigmund (D:3)
  Duvessa (D:7)
  An ogre (D:5)
  2 centaurs
  A big kobold (D:7)
  A bullfrog (D:5)
  3 scorpions
  3 crimson imps (D:5)
  A centaur zombie (D:6)
  A bullfrog zombie (D:5)
  3 jellies
  A hound (D:6)
  An orc wizard (D:4)
  An iguana (D:4)
  Jessica (D:2)
  4 worker ants
  2 hound skeletons
  A worker ant zombie (D:6)
  Robin (D:2)
  A gnoll (D:5)
  7 adders
  2 oozes
  An adder zombie (D:5)
  An adder skeleton (D:6)
  2 dart slugs
  2 leopard geckos
  6 orcs
  3 bats
  2 giant cockroaches (D:5)
  14 goblins
  6 hobgoblins
  5 jackals
  8 kobolds
  7 quokkas
  5 ball pythons
  A ball python skeleton (D:6)
  4 frilled lizards
  A jackal skeleton (D:5)
  A leopard gecko zombie (D:5)
  A quokka skeleton (D:5)
  5 rats
116 creatures vanquished.

Vanquished Creatures (collateral kills)
  2 ice beasts
  A worker ant (D:6)
  An orc (D:7)
  A quokka zombie (D:7)
5 creatures vanquished.

Vanquished Creatures (others)
  A slave (D:7)
  A howler monkey (D:7)
  A bullfrog zombie (D:7)
  A kobold (D:7)
4 creatures vanquished.

Grand Total: 125 creatures vanquished

Notes
Turn   | Place    | Note
-------+----------+-------------------------------------------
     0 | D:1      | Kagalorn the Draconian Ice Elementalist began the quest for
                  | the Orb.
     0 | D:1      | Reached XP level 1. HP: 14/14 MP: 3/3
   285 | D:1      | Reached XP level 2. HP: 11/22 MP: 5/5
   595 | D:2      | Noticed Robin
   724 | D:2      | Reached XP level 3. HP: 18/27 MP: 1/6
   786 | D:2      | Found an opulent altar of Gozag.
   874 | D:2      | Found a stormy altar of Qazlal.
  1042 | D:2      | Reached skill level 1 in Fighting
  1044 | D:2      | Reached XP level 4. HP: 24/35 MP: 1/8
  1104 | D:2      | Noticed Jessica
  1107 | D:2      | Killed Robin
  1136 | D:2      | Killed Jessica
  1249 | D:2      | Found a hide-covered altar of Uskayaw.
  1257 | D:2      | Learned a level 3 spell: Ozocubu's Armour
  1262 | D:2      | Learned a level 4 spell: Summon Ice Beast
  1294 | D:2      | Found a burning altar of Makhleb.
  1294 | D:2      | Found a radiant altar of Vehumet.
  1676 | D:3      | Noticed Sigmund
  1772 | D:3      | Killed Sigmund
  1772 | D:3      | Reached skill level 1 in Summonings
  1772 | D:3      | Reached XP level 5. HP: 18/40 MP: 0/11
  1772 | D:3      | Reached XP level 6. HP: 22/47 MP: 0/12
  2439 | D:4      | Reached skill level 1 in Charms
  2439 | D:4      | Reached skill level 5 in Ice Magic
  2578 | D:4      | Found a bloodstained altar of Trog.
  3050 | D:5      | Entered Level 5 of the Dungeon
  3124 | D:5      | Found a shimmering blue altar of Sif Muna.
  3268 | D:5      | Noticed a troll
  3274 | D:5      | Your scales start taking on a golden yellow colour.
  3274 | D:5      | Reached XP level 7. HP: 29/55 MP: 11/14
  3274 | D:5      | Gained mutation: You are resistant to acid. (rCorr) [Yellow
                  | Draconian growth]
  3419 | D:5      | Reached skill level 5 in Spellcasting
  3438 | D:5      | Found a staircase to the Ecumenical Temple.
  3451 | Temple   | Entered the Ecumenical Temple
  3647 | Temple   | Became a worshipper of Ashenzari the Shackled
  3691 | D:5      | Found a shimmering altar of Xom.
  3691 | D:5      | Found a shimmering altar of Xom.
  3691 | D:5      | Found a shimmering altar of Xom.
  3692 | D:5      | Found a shimmering altar of Xom.
  3692 | D:5      | Found a shimmering altar of Xom.
  3695 | D:5      | Found a shimmering altar of Xom.
  4101 | D:5      | Found a shimmering altar of Xom.
  4174 | D:6      | Reached XP level 8. HP: 40/62 MP: 16/16
  5362 | D:7      | Reached * piety under Ashenzari
  5480 | D:7      | Noticed Pikel
  5519 | D:7      | Killed Pikel
  5591 | D:7      | Noticed Duvessa
  5593 | D:7      | Noticed Dowan
  5602 | D:7      | Killed Duvessa
  5606 | D:7      | Killed from afar by Dowan

Levels and vault maps discovered:
D:1:      roderic_crop_circles_arrival_small, layout_loops_ring
D:2:      layout_basic, amethyst_overflow_temple_binary, lemuel_doored_altar,
          nicolae_overflow_hidden_temple, eat_drink_and_be_merry_uskayaw,
          first_ration, serial_rivers, chequers_serial_rivers_micro_a,
          chequers_serial_rivers_micro_b, chequers_serial_rivers_micro_e,
          chequers_serial_rivers_micro_e, uniq_jessica, uniq_robin
D:3:      layout_rooms, uniq_sigmund
D:4:      layout_layer_cave, kennysheep_little_box
D:5:      kennysheep_windowed_halls, layout_rooms, xom_redecorated, tso_altar,
          minmay_temple_entry_stoned_glass, led_sif_pool
D:6:      layout_loops_ring
D:7:      layout_loops_cross, uniq_pikel, uniq_menkaure, uniq_duvessa
Temple:   minmay_temple_curvy_loop

Skill      XL: |  1  2  3  4  5  6  7  8 |
---------------+-------------------------+-----
Ice Magic      | 4 5 6 7 |  7.7
Fighting       | 1 2 3 |  3.7
Spellcasting   | 4 5 7 |  7.1
Summonings     | 1 2 3 |  3.1
Charms         | 1 |  1.0
Dodging        | |  1.7
Stealth        | |  1.7
Conjurations   | |  1.0

Action                   |  1- 3 |  4- 6 |  7- 9 || total
-------------------------+-------+-------+-------++-------
Melee: Dagger            |    52 |    46 |   189 ||   287
       Unarmed           |     3 |       |       ||     3
       Tailslap          |     4 |     6 |    25 ||    35
Throw: Stone             |       |    12 |       ||    12
 Cast: Freeze            |    37 |    80 |    74 ||   191
       Ozocubu's Armour  |       |       |     3 ||     3
       Summon Ice Beast  |       |       |     6 ||     6
  Use: Scroll            |       |     1 |       ||     1
 Stab: Sleeping          |     3 |     5 |     2 ||    10
       Distracted        |       |       |     1 ||     1
  Eat: Chunk             |       |     8 |     4 ||    12
       Ration            |       |       |     1 ||     1
Armor: Skin              |    22 |    27 |    75 ||   124
Dodge: Dodged            |    37 |    57 |   169 ||   263

Table legend:
 A = Non-vault XP
 B = Vault XP
 C = Vault XP percentage of total XP
 D = Non-vault monster count
 E = Vault monster count
 F = Vault count percentage of total count
                 A         B        C        D         E       F
            +---------+---------+-------+---------+---------+-------
      Total |    1315 |    1368 |  51.0 |      91 |      30 |  24.8
            +---------+---------+-------+---------+---------+-------
        D:1 |      18 |       6 |  25.0 |      11 |       3 |  21.4
        D:2 |      73 |      69 |  48.6 |      17 |      11 |  39.3
        D:3 |      24 |     227 |  90.4 |       9 |       1 |  10.0
        D:4 |     250 |       0 |   0.0 |      13 |       0 |   0.0
        D:5 |     208 |     520 |  71.4 |      10 |      13 |  56.5
        D:6 |     391 |       0 |   0.0 |      16 |       0 |   0.0
        D:7 |     351 |     546 |  60.9 |      15 |       2 |  11.8
            +---------+---------+-------+---------+---------+-------
